Description

First try of a 1 Base Blink Stalker All-In

Build Order

Get SALT Encoding   

  12  0:00  Probe  
  13  0:12  Probe  
  14  0:18  Pylon  
  14  0:24  Probe  
  15  0:36  Probe (Chrono Boost)  
  16  0:37  Gateway  
  16  0:44  Probe  
  17  0:46  Assimilator  Immediately fill when finished
  17  0:53  Probe  
  18  0:55  Assimilator  Immediately fill when finished
  18  1:03  Probe  
  19  1:09  Gateway  
  19  1:15  Probe  
  20  1:25  Cybernetics Core  
  20  1:27  Probe  
  21  1:33  Pylon  
  21  1:39  Probe  
  22  1:51  Probe  Stop worker production
  23  2:00  Warp Gate, Stalker x2  
  27  2:11  Forge  
  27  2:20  Twilight Council  
  27  2:30  Stalker  
  29  2:35  Stalker  
  31  2:43  Protoss Ground Weapons Level 1 (Chrono Boost)  
  31  3:03  Blink (Chrono Boost)  
  31  3:04  Gateway  
  31  3:08  Pylon  
  31  3:22  Robotics Facility  
  31  3:23  Action  Chrono Twilight Council
  31  3:50  Stalker x2  
  35  3:51  Pylon  
  35  3:58  Sentry  
  37  4:09  Warp Prism (Chrono Boost)  
  39  4:13  Stalker  
  41  4:14  Pylon  
  41  4:20  Stalker  
  43  4:28  Stalker  
  45  4:36  Stalker  
  47  4:44  Stalker  
  49  4:54  Stalker  
Spawning Tool Build Advisor. Get it on Overwolf

Go to:

Details

  • Created by: WhayJay
  • Published on: Dec 03, 2022
  • Modified on: Dec 03, 2022
  • Patch: 4.11.0
  • Difficulty: Medium
Show
View Real Time Build Order
Export as new Build Order

Comments (0)

There are no comments. Be the first!

Create an account to comment!